 Dungeon Crawl Stone Soup version 0.20.1-1-g8b1a95d (webtiles) character file.

44 Firecrotchwizard the Vandal (level 3, 0/24 HPs)
             Began as a Halfling Hunter on Nov 10, 2017.
             Slain by a hobgoblin
             ... wielding a +0 club
              (3 damage)
             ... on level 2 of the Dungeon.
             The game lasted 00:02:45 (797 turns).

Firecrotchwizard the Vandal (Halfling Hunter)        Turns: 797, Time: 00:02:46

Health: 0/24       AC:  5    Str: 13    XL:     3   Next: 85%
Magic:  3/3        EV: 15    Int:  9    God:
Gold:   61         SH:  0    Dex: 15    Spells: 2/2 levels left

rFire    . . .     SeeInvis +   b - +0 short sword
rCold    . . .     Gourm    .   (shield restricted)
rNeg     . . .     Faith    .   c - +0 leather armour
rPois    .         Spirit   .   (no helmet)
rElec    .         Reflect  .   (no cloak)
rCorr    .         Harm     .   k - +1 pair of gloves
MR       .....                  (no boots)
Stlth    ++........             (no amulet)
Regen    0.1/turn               (no ring)
MPRegen  0.1/turn               p - ring of see invisible {sInv, !d}

@: slowed, very slow
A: mutation resistance 1
a: no special abilities


You were on level 2 of the Dungeon.
You were not hungry.

You visited 1 branch of the dungeon, and saw 2 of its levels.

You collected 61 gold pieces.

Inventory:

Hand Weapons
 a - a +1 hunting sling
 b - a +0 short sword (weapon)
Missiles
 d - 20 sling bullets
 j - 44 stones (quivered)
Armour
 c - a +0 leather armour (worn)
 k - a +1 pair of gloves (worn)
   (You found it on level 1 of the Dungeon)
Jewellery
 o - an uncursed ring of teleportation {+/*tele, !d}
   (You found it on level 1 of the Dungeon)
 p - a ring of see invisible (right hand) {sInv, !d}
   (You found it on level 1 of the Dungeon)
Scrolls
 e - 2 scrolls of identify
 m - a scroll of remove curse
 q - a scroll of fog {unknown}
 r - a scroll of teleportation {unknown}
Potions
 i - a potion of degeneration {!q}
 n - 2 potions of curing {unknown}
Comestibles
 f - a bread ration {@e1}
 g - 4 chunks of flesh {@w0}
 h - a meat ration {@e2}
 l - 4 fruits


   Skills:
 + Level 2.0 Fighting
 * Level 6.6 Slings
 + Level 1.4 Armour
 + Level 2.6 Dodging
 - Level 1.1 Stealth


You had 2 spell levels left.
You didn't know any spells.

Dungeon Overview and Level Annotations

Branches:
Dungeon (2/15)

Altars:


Innate Abilities, Weirdness & Mutations

You are small and have problems with some larger weapons.
You are somewhat resistant to further mutation.


Message History

g - 4 chunks of flesh {@w0} You see here a club. x2
There is a staircase leading out of the dungeon here.
Done exploring.
Done exploring.
(D) Dungeon
Where to? (? - help)
A rat comes into view.
Aim: a rat (hasn't noticed you)
You shoot a stone. The stone hits the rat.
You kill the rat!
j - 50 stones (gained 1) Done exploring.
Done exploring.
(D) Dungeon
Where to? (Enter - D:2, ? - help)
There is a stone staircase leading down here.
You climb downwards.
There is a stone staircase leading up here.
A leopard gecko comes into view.
Aim: a leopard gecko (clinging, resting)
You shoot a stone. The stone hits the leopard gecko.
You kill the leopard gecko!
q - a scroll labeled ITENIE XOHI;
r - a scroll labeled LENITS DUKLUKANT A kobold and Natasha come into view.
Natasha hisses angrily.
The kobold shouts!
Natasha casts a spell.
Aim: Natasha You shoot a stone.
The stone hits Natasha.
Aim: Natasha (heavily wounded)
You shoot a stone. The stone hits Natasha.
Aim: Natasha (heavily wounded)
You shoot a stone. The stone closely misses Natasha.
Aim: Natasha (heavily wounded)
You shoot a stone. The stone hits Natasha.
Natasha stares at you and mumbles some strange words.
The magic dart hits you!
You take 4 damage, and have 15/19 hp.
MASSIVE DAMAGE!!
Aim: Natasha (severely wounded)
You shoot a stone. The stone closely misses the kobold.
The stone hits the shadow imp.
b - a +0 short sword (weapon)
You hit Natasha. The kobold closely misses you.
Natasha casts a spell.
The kobold closely misses you.
A hobgoblin comes into view. It is wielding a club.
You barely miss Natasha.
The hobgoblin shouts!
Natasha casts a spell at you. The magic dart hits you!
The kobold hits you but does no damage.
A rat comes into view.
You take 6 damage, and have 9/19 hp.
MASSIVE DAMAGE!!
You barely miss Natasha.
Natasha stares at you and mumbles some strange words.
You feel yourself slow down. The kobold barely misses you.
You completely miss Natasha.
Natasha wildly gestures.
You feel disoriented.
Natasha stares at you and mumbles some strange words.
You resist with significant effort. The kobold closely misses you.
Natasha barely misses you.
You closely miss Natasha. The kobold barely misses you.
The shadow imp barely misses you. Natasha barely misses you.
The kobold barely misses you. The shadow imp barely misses you.
Natasha barely misses you.
You barely miss Natasha. The kobold hits you but does no damage.
The shadow imp misses you.
Natasha stares at you and mumbles some strange words.
The magic dart hits you!
* * * LOW HITPOINT WARNING * * *
The kobold hits you but does no damage. The shadow imp closely misses you.
You take 7 damage, and have 2/19 hp.
MASSIVE DAMAGE!!
You hit Natasha.
You kill Natasha!
Moaning pathetically, Natasha's spirit plunges into the ground.
The shadow imp disappears in a puff of smoke! x2
Your Fighting skill increases to level 2!
You have reached level 3!
Your experience leads to an increase in your attributes!
Increase (S)trength, (I)ntelligence, or (D)exterity?
You feel agile. The kobold hits you but does no damage.
The hobgoblin hits you but does no damage.
The rat barely misses you.
MP restored: 3 You hit the kobold.
The kobold hits you but does no damage. The hobgoblin closely misses you.
The rat barely misses you. The kobold hits you but does no damage.
The hobgoblin completely misses you.
The hobgoblin hits you but does no damage.
The rat bites you.
* * * LOW HITPOINT WARNING * * *
You take 1 damage, and have 3/24 hp.
The hobgoblin barely misses you. The rat bites you but does no damage.
The hobgoblin hits you with a club.
You die...

........# ......(.#
.........# .......†(#
.........# .........#
.........#
........K##################
........rg@................
.........##################
.?.......# .........#
##########


You could see a hobgoblin, a kobold and a rat.

Vanquished Creatures
  Natasha (D:2)
  3 dart slugs (D:1)
  A leopard gecko (D:2)
  4 hobgoblins (D:1)
  A bat (D:1)
  4 rats (D:1)
14 creatures vanquished.

Notes
Turn   | Place    | Note
-------+----------+-------------------------------------------
     0 | D:1      | Firecrotchwizard the Halfling Hunter began the quest for the Orb.
     0 | D:1      | Reached XP level 1. HP: 14/14 MP: 1/1
    19 | D:1      | Reached skill level 6 in Slings
   208 | D:1      | Reached XP level 2. HP: 17/19 MP: 2/2
   626 | D:1      | Reached skill level 1 in Armour
   778 | D:2      | Noticed Natasha
   790 | D:2      | HP: 2/19 [Natasha/magic dart (7)]
   791 | D:2      | Killed Natasha
   791 | D:2      | Reached skill level 2 in Fighting
   791 | D:2      | Reached XP level 3. HP: 3/24 MP: 3/3
   797 | D:2      | Slain by a hobgoblin

Skill      XL: |  1  2 |
---------------+-------+-----
Slings         | 6 |  6.6
Armour         | 1 |  1.4
Fighting       | 2 |  2.0
Dodging        | |  2.6
Stealth        | |  1.1

Action                   || total
-------------------------++-------
Melee: Short sword       ||    37
 Fire: Hunting sling     ||     8
Throw: Stone             ||     3
  Use: Scroll            ||     4
 Stab: Sleeping          ||     1
Armor: Leather armour    ||    11
Dodge: Dodged            ||    29

Vault maps used:
D:1:      dpeg_arrival_arbitrary_b, kennysheep_decorative_pillar,
          kennysheep_boxes
D:2:      first_bread, wad_floor_pattern_1, uniq_natasha

Table legend:
 A = Turns spent in this place as a percentage of turns spent in the entire game.
 B = Non-inter-level travel turns spent in this place as a percentage of non-inter-level travel turns spent in the entire game.
 C = Inter-level travel turns spent in this place as a percentage of turns spent in this place.
 D = Turns resting spent in this place as a percentage of non-inter-level travel turns spent in this place.
 E = Turns spent auto-exploring this place as a percentage of non-inter-level travel turns spent in this place.
 F = Non-inter-level travel turns spent in this place divided by the number of levels of this place that you've seen.
                   A       B       C       D       E      F
               +-------+-------+-------+-------+-------+----------------------
         Total | 100.0 | 100.0 |   1.1 |   2.3 |  17.8 |  87.0
       Dungeon | 100.0 | 100.0 |   1.1 |   2.3 |  17.8 |  87.0
               +-------+-------+-------+-------+-------+----------------------

Table legend:
 A = Kills in this place as a percentage of kills in entire the game.
 B = Kills by you in this place as a percentage of kills by you in the entire game.
 C = Kills by friends in this place as a percentage of kills by friends in the entire game.
 D = Other kills in this place as a percentage of other kills in the entire game.
 E = Experience gained in this place as a percentage of experience gained in the entire game.
 F = Experience gained in this place divided by the number of levels of this place that you have seen.
                   A       B       C       D       E      F
               +-------+-------+-------+-------+-------+----------------------
         Total | 100.0 | 100.0 |  -nan |  -nan | 100.0 |  31.5
       Dungeon | 100.0 | 100.0 |  -nan |  -nan | 100.0 |  31.5
               +-------+-------+-------+-------+-------+----------------------
